 Dungeon Crawl Stone Soup version 0.30-a0-972-gf3ab3527aa (webtiles) character file.

Game seed: 16085895209186607953

1368 DeathPants the Slasher (level 8, -5/42 HPs)
             Began as a Vine Stalker Gladiator on Mar 31, 2023.
             Was an Initiate of Gozag.
             Killed by divine providence
             ... invoked by an orc priest
              (15 damage)
             ... on level 8 of the Dungeon.
             The game lasted 00:12:47 (5473 turns).

DeathPants the Slasher (Vine Stalker Gladiator)     Turns: 5473, Time: 00:12:48

Health: -5/42      AC:  7    Str: 18    XL:     8   Next: 65%
Magic:  0/9        EV: 12    Int: 10    God:    Gozag
Gold:   205        SH:  0    Dex: 15    Spells: 7/7 levels left

rFire   . . .      SeeInvis .    a - +1 long sword
rCold   . . .      Faith    .    (no shield)
rNeg    . . .      Spirit   +    n - +0 ring mail
rPois   .          Reflect  .    s - +1 helmet
rElec   .          Rampage  .    (no cloak)
rCorr   .                        (no gloves)
Will    ++...                    (no boots)
Stlth   +                        j - amulet of magic regeneration
HPRegen 1.07/turn                f - ring of willpower
MPRegen 0.51/turn                h - +4 ring of slaying

@: no status effects
A: fangs 3, regeneration 1, magic shield, antimagic bite, no potion heal 2
a: Renounce Religion, Potion Petition, Call Merchant, Bribe Branch


You were on level 8 of the Dungeon.
You worshipped Gozag.
Gozag was aware of your devotion.
You visited 2 branches of the dungeon, and saw 9 of its levels.

You collected 508 gold pieces.
You spent 210 gold pieces at shops.
You paid 93 gold pieces to Gozag.

Inventory:

Hand Weapons
 a - a +1 long sword (weapon)
Missiles
 d - 3 throwing nets (quivered)
 e - a javelin
 i - 3 silver boomerangs
 l - 6 poisoned darts
Armour
 b - a +0 buckler
 n - a +0 ring mail (worn)
 s - a +1 helmet (worn)
Jewellery
 f - a ring of willpower (left hand)
 h - a +4 ring of slaying (right hand)
 j - an amulet of magic regeneration (around neck)
Wands
 m - a wand of roots (9)
 w - a wand of light (11)
Scrolls
 r - a scroll of blinking
 v - a scroll of vulnerability
Potions
 c - 2 potions of mutation
 g - a potion of lignification
 k - a potion of flight
 o - 3 potions of curing
 p - 2 potions of brilliance
 q - 2 potions of might
 t - a potion of cancellation {unknown}
 u - a potion of attraction {unknown}


   Skills:
 + Level 4.7 Fighting
 * Level 6.8 Long Blades
 - Level 1.7 Throwing
 - Level 2.6 Armour
 - Level 4.7 Dodging


You had 7 spell levels left.
You didn't know any spells.
Your spell library contained the following spells:

 Spells                   Type           Power      Damage    Failure   Level
 Magic Dart               Conj           0%         1d3       54%         1
 Searing Ray              Conj           0%         2d4       69%         2
 Fulminant Prism          Conj/Hex       0%         3d5       100%        4


Dungeon Overview and Level Annotations

Branches:
Dungeon (8/15)             Temple (1/1) D:5
   Lair: D:8-11

Altars:
Ashenzari
Cheibriados
Dithmenos
Fedhas
Gozag
Wu Jian

Shops:
D:1 *


Innate Abilities, Weirdness & Mutations

You have razor-sharp teeth.
Your natural rate of healing is unusually fast.
When hurt, damage is shared between your health and your magic reserves.
Your bite disrupts and absorbs the magic of your enemies.
Potions cannot restore your health.


Message History

There is a stone staircase leading down here.
You climb downwards.
There is a stone staircase leading up here.
An iguana comes into view.
The iguana hisses angrily.
You slash the iguana! You bite the iguana, but do no damage.
The iguana is heavily wounded.
The iguana bites you but does no damage.
You closely miss the iguana. You bite the iguana!
You kill the iguana!
Found 2 stones.
You now have 205 gold pieces (gained 6).
Found a stone staircase leading down.
There is a stone staircase leading down here.
You climb downwards.
The orc priest shouts!
The orc warrior shouts!
The orc wizard shouts!
You hear a shout! x4
Found a chain mail.
Found a stone staircase leading down.
There is a stone staircase leading up here.
An orc comes into view. It is wielding a +0 club.
An orc priest comes into view. It is wielding a +0 falchion.
You barely miss the orc wizard.
The orc wizard hits you but does no damage.
You barely miss the orc wizard. Your bite misses the orc wizard.
An orc wizard comes into view. It is wielding a +0 dagger.
The orc wizard points at you and mumbles some strange words.
The puff of flame hits you. The orc hits you with a +0 hand axe.
The orc wizard shouts!
You slash the orc wizard!
The orc wizard is heavily wounded.
The orc priest mumbles some strange prayers to Beogh against you.
Beogh smites you!
A wight comes into view. It is wielding a +0 dagger.
The orc warrior unwields a +0 halberd.
The orc warrior wields a +0 arbalest.
The orc warrior shoots a bolt.
The bolt hits you!
* * * LOW HITPOINT WARNING * * *
The orc priest mumbles some strange prayers to Beogh against you.
Beogh smites you!
You die...
Your body crumbles into a pile of gold.

###.##...#.####
..#.#........[.
#............#
...........o.#
#............#
#..........#
#...o.....##
#...@..o....
.......o.....oz
.........o.##..
######...#.oo
.....##...
.#..... ..
..>.... . #
#######


You could see an orc warrior, a wight (wandering), 2 orc priests, 2 orc wizards
and 3 orcs.

Vanquished Creatures
  Grinder (D:4)
  A wraith (D:6)
  An ice beast (D:5)
  A sky beast (D:6)
  A centaur (D:6)
  A phantom (D:6)
  2 scorpions
  2 howler monkeys (D:6)
  2 hounds
  A jelly (D:5)
  An orc priest (D:6)
  A sleepcap (D:5)
  6 iguanas
  6 adders
  2 white imps
  An ufetubus (D:4)
  3 worms (D:2)
  3 dart slugs
  18 orcs
  8 bats
  9 endoplasms
  3 giant cockroaches
  5 goblins
  9 hobgoblins
  10 kobolds
  6 quokkas
  6 ball pythons
  4 frilled lizards
  25 rats
139 creatures vanquished.

Vanquished Creatures (others)
  A plant (D:3)
1 creature vanquished.

Grand Total: 140 creatures vanquished

Notes
Turn   | Place    | Note
-------+----------+-------------------------------------------
     0 | D:1      | DeathPants the Vine Stalker Gladiator began the quest for
                  | the Orb.
     0 | D:1      | Reached XP level 1. HP: 11/11 MP: 2/2
   156 | D:2      | Reached XP level 2. HP: 4/15 MP: 0/3
   430 | D:1      | Reached skill level 3 in Long Blades
   447 | D:1      | Found Syagemaxt's Assorted Antiques.
   825 | D:1      | Found a faded altar of an unknown god.
   966 | D:2      | Found a blossoming altar of Fedhas.
   969 | D:2      | Reached XP level 3. HP: 15/18 MP: 4/4
  1385 | D:2      | Reached skill level 1 in Armour
  1490 | D:2      | Gained mutation: Your natural rate of healing is unusually
                  | fast. [Vine Stalker growth]
  1490 | D:2      | Reached XP level 4. HP: 16/23 MP: 2/5
  2309 | D:3      | Reached XP level 5. HP: 27/27 MP: 6/6
  2569 | D:4      | Reached skill level 4 in Long Blades
  2591 | D:5      | Entered Level 5 of the Dungeon
  2968 | D:4      | Reached XP level 6. HP: 25/32 MP: 5/7
  3011 | D:4      | Found a broken altar of Ashenzari.
  3122 | D:4      | Noticed Grinder
  3132 | D:4      | Killed Grinder
  3177 | D:4      | Reached XP level 7. HP: 28/36 MP: 8/8
  3563 | D:5      | Found a staircase to the Ecumenical Temple.
  3577 | D:5      | Reached skill level 5 in Long Blades
  3595 | Temple   | Entered the Ecumenical Temple
  3674 | Temple   | Became a worshipper of Gozag Ym Sagoz the Greedy
  3892 | D:1      | Bought a runed helmet for 210 gold pieces
  4672 | D:6      | Noticed a wraith
  4684 | D:6      | Killed a wraith
  4685 | D:6      | Reached skill level 6 in Long Blades
  4685 | D:6      | Gained mutation: You have razor-sharp teeth. [Vine Stalker
                  | growth]
  4685 | D:6      | Reached XP level 8. HP: 20/42 MP: 5/9
  5473 | D:8      | Killed from afar by an orc priest

Illustrated notes

Levels and vault maps discovered:
D:1:      lightli_arrival_quake, layout_loops_corners, serial_shops,
          nicolae_shop_behind_doors, ebering_ecumenical_altar_webs
D:2:      layout_basic, basic_altar, grunt_decor_one_mirror
D:3:      layout_basic, serial_forest, infiniplex_forest_pool,
          infiniplex_forest_zigzag_2, infiniplex_forest_lined_1,
          infiniplex_forest_corner_1, infiniplex_forest_clump_diagonal
D:4:      layout_loops_corners, old_standard_altar, grunt_decor_mini_mirrors,
          dreamdust_wishing_well, minmay_rat_hole, uniq_grinder
D:5:      layout_loops_ring, minmay_temple_entry_waves
D:6:      layout_basic
D:7:      hellmonk_ruined_rings, layout_basic, nicolae_qazlal_general_emergency,
          serial_undead, serial_undead_c, serial_undead_d, serial_undead_e,
          serial_undead_d, serial_undead_f, serial_undead_c, grunt_ministairs_2
D:8:      layout_rooms, dk_noncrumbling_2, st_stairs_8,
          chequers_hall_statues_corner_a, hangedman_feature_mirror,
          kennysheep_dice
Temple:   mainiacjoe_temple_big_plus

Skill      XL: |  1  2  3  4  5  6  7 |
---------------+----------------------+-----
Fighting       | 2 3 4 |  4.7
Long Blades    | 3 4 6 |  6.8
Armour         | 1 2 |  2.6
Dodging        | 3 4 |  4.7
Throwing       | |  1.7

Action                     |  1- 3 |  4- 6 |  7- 9 || total
---------------------------+-------+-------+-------++-------
  Melee: Long sword        |    90 |   159 |   154 ||   403
         Bite              |    20 |    38 |    38 ||    96
         Punch             |       |       |     2 ||     2
  Throw: Throwing net      |       |       |     3 ||     3
    Use: Scroll            |       |     7 |    10 ||    17
         Potion            |       |     1 |       ||     1
   Stab: Sleeping          |     1 |       |       ||     1
 Armour: Leather armour    |    11 |       |       ||    11
         Ring mail         |    21 |    46 |    43 ||   110
  Dodge: Dodged            |    69 |   109 |    81 ||   259

Table legend: (Time is in decaauts)
 A = Elapsed time spent in this place.
 B = Non-inter-level travel time spent in this place.
 C = Inter-level travel time spent in this place.
 D = Time resting spent in this place.
 E = Time spent auto-exploring this place.
 F = Levels seen in this place.
 G = Mean time per level.
                   A        B        C        D        E       F      G
               +--------+--------+--------+--------+--------+-----+--------+
         Total |   5571 |   5138 |    433 |      0 |   3728 |   9 |  619.0 |
       Dungeon |   5453 |   5057 |    396 |      0 |   3663 |   8 |  681.6 |
        Temple |    117 |     80 |     37 |      0 |     65 |   1 |  117.0 |
               +--------+--------+--------+--------+--------+-----+--------+

Top non-repeatable levels by time:
     D:1: 1234 daAuts
     D:4: 1043 daAuts
     D:5: 833 daAuts
     D:6: 785 daAuts
     D:2: 738 daAuts
     D:3: 720 daAuts
  Temple: 117 daAuts
     D:7: 93 daAuts
     D:8: 3 daAuts
